 Dungeon Crawl Stone Soup version 0.31.0-10-gcf4a605ca0 (webtiles) character file.

Game seed: 15339422717125766555

228 dialectric the Poker (level 5, 0/42 HPs)
             Began as a Demonspawn Fighter on Jan 25, 2024.
             Slain by an orc
             ... wielding a +0 trident
              (7 damage)
             ... on level 4 of the Dungeon.
             The game lasted 00:04:05 (3483 turns).

dialectric the Poker (Demonspawn Fighter)           Turns: 3483, Time: 00:04:05

Health: 0/42       AC:  9    Str: 18    XL:     5   Next: 70%
Magic:  5/5        EV: 10    Int:  8    God:
Gold:   217        SH:  0    Dex: 13    Spells: 4/4 levels left

rFire   . . .        a - +0 trident
rCold   . . .        (no shield)
rNeg    . . .        b - +0 scale mail
rPois   .            (no helmet)
rElec   .            j - +0 cloak
rCorr   .            q - +0 pair of gloves
SInv    .            (no boots)
Will    .....        (no amulet) Stlth
                     (no ring)
HPRegen 0.27/turn    (no ring)
MPRegen 0.09/turn

%: no passive effects
@: mighty
A: claws 1, demonic magic 1, weakness stinger 1
a: no special abilities


You were on level 4 of the Dungeon.
You visited 1 branch of the dungeon, and saw 4 of its levels.

You collected 256 gold pieces.
You spent 39 gold pieces at shops.

Inventory:

Hand Weapons
 a - a +0 trident (weapon)
Missiles
 f - 8 poisoned darts (quivered)
Armour
 b - a +0 scale mail (worn)
 c - a +0 buckler
 j - a +0 cloak (worn)
 l - an orb of energy
 q - a +0 pair of gloves (worn)
Jewellery
 u - a +6 ring of strength
Scrolls
 e - a scroll of fog {unknown}
 g - 2 scrolls of blinking {unknown}
 h - 7 scrolls of teleportation
 i - 2 scrolls of immolation {unknown}
 k - a scroll of summoning {unknown}
 m - 2 scrolls of torment {unknown}
 p - a scroll of enchant armour {unknown}
 s - 6 scrolls of identify {unknown}
 t - a scroll of poison {unknown}
Potions
 d - 2 potions of might
 n - 3 potions of enlightenment {unknown}
 o - a potion of heal wounds {unknown}
 r - a potion of magic {unknown}


   Skills:
 + Level 3.6 Fighting
 + Level 3.6 Polearms
 + Level 3.6 Armour
 * Level 1.8 Dodging
 + Level 0.2 Stealth
 - Level 3.0 Shields


You had 4 spell levels left.
You didn't know any spells.
Your spell library contained the following spells:

 Spells                   Type           Power      Damage    Failure   Level
 Call Canine Familiar     Summ           0%         N/A       99%         3
 Sigil of Binding         Hex            0%         N/A       99%         3
 Dimensional Bullseye     Hex/Tloc       0%         N/A       100%        4


Dungeon Overview and Level Annotations

Branches:
Dungeon (4/15)
 Temple: D:4-7

Altars:
Ashenzari

Shops:
D:2 ?   D:4 =


Innate Abilities, Weirdness & Mutations

You have sharp fingernails.
Spells you cast may paralyse adjacent enemies.
You have a small tail.


Message History

You closely miss the hobgoblin.
The hobgoblin hits you but does no damage.
The orc hits you but does no damage.
You puncture the hobgoblin!
You kill the hobgoblin!
The orc closely misses you.
An acid dragon comes into view.
You puncture the giant cockroach!
You kill the giant cockroach!
The orc hits you but does no damage.
You reach to attack!
You barely miss the acid dragon. The acid dragon spits acid at you.
The splash of acid hits you!!
Ouch! That really hurt!
The orc hits you but does no damage.
You are too injured to fight recklessly!
You are too injured to fight recklessly!
You are too injured to fight recklessly!
You are too injured to fight recklessly!
You are too injured to fight recklessly!
You are too injured to fight recklessly!
You are too injured to fight recklessly!
You are too injured to fight recklessly!
Unknown command.
You feel very mighty all of a sudden.
You puncture the acid dragon!
You tail-slap the acid dragon, but do no damage.
The acid dragon is moderately wounded.
The acid dragon bites you but does no damage.
The acid dragon claws you but does no damage.
The orc barely misses you.
You hit the acid dragon. You tail-slap the acid dragon!
The acid dragon is severely wounded.
The acid dragon bites you!
* * * LOW HITPOINT WARNING * * *
The acid dragon barely misses you. The orc barely misses you.
You hit the acid dragon. You tail-slap the acid dragon.
You kill the acid dragon!
The orc hits you from afar with a +0 trident!
You die...

**...###...#..##
*,,..** ##......#
*,,,#** ##......##
*,,* ##.......# ***
##........##
#.......#..##
#####'#####.##..##
#.........#####..##
#.8.@8..8.# ##..##
#.........# ##..##
##+##o##+## ##...
.#. ##.. .. #. #..
..# #. ### ..# .# #
#+# #


You could see an orc.

Vanquished Creatures
  An acid dragon (D:4)
  A scorpion (D:4)
  A jelly (D:4)
  A hound (D:4)
  Robin (D:2)
  An adder (D:2)
  A ribbon worm (D:3)
  A dart slug (D:4)
  2 orcs
  5 endoplasms
  5 giant cockroaches
  15 goblins
  7 hobgoblins
  6 jackals (D:2)
  6 quokkas
  9 ball pythons
  5 bats
  3 frilled lizards
  5 kobolds
  4 rats
80 creatures vanquished.

Notes
Turn   | Place    | Note
-------+----------+-------------------------------------------
     0 | D:1      | dialectric the Demonspawn Fighter began the quest for the
                  | Orb.
     0 | D:1      | Reached XP level 1. HP: 18/18 MP: 1/1
   161 | D:1      | Found a faded altar of an unknown god.
   293 | D:1      | Gained mutation: Spells you cast may paralyse adjacent
                  | enemies. [demonic ancestry]
   293 | D:1      | Reached XP level 2. HP: 23/24 MP: 2/2
   964 | D:2      | Discovered your monstrous ancestry.
   964 | D:2      | Gained mutation: You have sharp fingernails. [demonic
                  | ancestry]
   964 | D:2      | Reached XP level 3. HP: 28/29 MP: 3/3
  1166 | D:2      | Noticed Robin
  1183 | D:2      | Killed Robin
  1325 | D:2      | Reached skill level 1 in Dodging
  1423 | D:2      | Gained mutation: You have a small tail. [demonic ancestry]
  1423 | D:2      | Reached XP level 4. HP: 35/35 MP: 4/4
  1555 | D:2      | Found Oweomena's Magic Scroll Emporium.
  1627 | D:2      | Bought a scroll of teleportation for 39 gold pieces
  2081 | D:2      | Upgraded the game from 0.31.0-9-g3a7656b989 to
                  | 0.31.0-10-gcf4a605ca0
  2386 | D:3      | Found a broken altar of Ashenzari.
  2646 | D:4      | Noticed a scorpion
  2661 | D:4      | Killed a scorpion
  2662 | D:4      | Reached XP level 5. HP: 31/41 MP: 5/5
  2782 | D:4      | Found Haklalao's Jewellery Boutique.
  3405 | D:4      | Found Haklalao's Jewellery Boutique.
  3473 | D:4      | Noticed an ogre
  3476 | D:4      | Noticed an acid dragon
  3483 | D:4      | Killed an acid dragon
  3483 | D:4      | Slain by an orc

Illustrated notes

Levels and vault maps discovered:
D:1:      dpeg_arrival_prison, layout_loops_ring, shapermc_ecumenical_altar_venn
D:2:      layout_basic, serial_shops, shop, uniq_robin
D:3:      layout_rooms, lemuel_round_altar
D:4:      minmay_chambers_of_threes, layout_cave_pods,
          minmay_shop_enchanted_jewellery

Skill      XL: |  1  2  3  4 |
---------------+-------------+-----
Polearms       | 2 3 |  3.6
Shields        | 3 |  3.0
Armour         | 3 |  3.6
Dodging        | 1 |  1.8
Fighting       | |  3.6
Stealth        | |  0.2

Action                     |  1- 3 |  4- 6 || total
---------------------------+-------+-------++-------
  Melee: Trident           |   172 |   102 ||   274
         Tailslap          |       |    13 ||    13
  Throw: Dart              |     1 |       ||     1
    Use: Potion            |       |     1 ||     1
 Armour: Scale mail        |   106 |    62 ||   168
  Dodge: Dodged            |    68 |    52 ||   120
  Block: Buckler           |     1 |       ||     1
